 Dungeon Crawl Stone Soup version 0.30.1-11-g7821555f0a (webtiles) character file.

Game seed: 17667775488542772169

76 CrazyMind the Conjurer (level 4, 30/30 HPs)
             Began as a Demonspawn Conjurer on Dec 27, 2023.
             Was an Initiate of Sif Muna.
             Quit the game on level 2 of the Dungeon.
             The game lasted 00:06:46 (1380 turns).

CrazyMind the Conjurer (Demonspawn Conjurer)        Turns: 1380, Time: 00:06:46

Health: 30/30      AC:  4    Str:  7    XL:     4   Next: 12%
Magic:  7/7        EV: 12    Int: 22    God:    Sif Muna [......]
Gold:   39         SH:  0    Dex: 11    Spells: 1/7 levels left

rFire   . . .        c - +0 dagger
rCold   . . .        (no shield)
rNeg    . . .        a - +0 robe
rPois   .            r - +1 helmet
rElec   .            (no cloak)
rCorr   .            (no gloves)
SInv    .            (no boots)
Will    .....        (no amulet)
Stlth   ++           (no ring)
HPRegen 0.25/turn    (no ring)
MPRegen 0.10/turn

%: no passive effects
@: no status effects
A: demonic guardian 1
a: Renounce Religion


You were on level 2 of the Dungeon.
You worshipped Sif Muna.
Sif Muna was noncommittal.
You visited 1 branch of the dungeon, and saw 2 of its levels.

You collected 39 gold pieces.

Inventory:

Hand Weapons
 c - a +0 dagger (weapon)
Missiles
 f - 6 javelins
Armour
 a - a +0 robe (worn)
 d - a +0 leather armour
 r - a +1 helmet (worn)
Magical Staves
 l - a staff of air
Scrolls
 g - a scroll of fear {unknown}
 h - a scroll of blinking {unknown}
 i - 3 scrolls of identify {unknown}
 o - a scroll of enchant weapon {unknown}
 p - a scroll of poison {unknown}
 q - 2 scrolls of teleportation {unknown}
Potions
 b - a potion of magic
 e - 3 potions of curing {unknown}
 j - 3 potions of brilliance {unknown}
 k - a potion of might {unknown}
 m - 2 potions of cancellation {unknown}
 n - 2 potions of mutation {unknown}
 s - a potion of ambrosia {unknown}


   Skills:
 + Level 0.1 Short Blades
 + Level 2.0 Dodging
 + Level 2.5 Stealth
 * Level 2.3 Spellcasting
 * Level 4.9 Conjurations


You had one spell level left.
You knew the following spells:

 Your Spells              Type           Power      Damage    Failure   Level
a - Magic Dart            Conj           96%        1d7       1%          1
b - Searing Ray           Conj           48%        2d6       2%          2
c - Dazzling Flash        Conj/Hex       26%        N/A       14%         3

Your spell library contained the following spells:

 Spells                   Type           Power      Damage    Failure   Level
 Fulminant Prism          Conj/Hex       6%         3d7       43%         4
 Iskenderun's Mystic Bla  Conj/Tloc      13%        2d5       43%         4


Dungeon Overview and Level Annotations

Branches:
Dungeon (2/15) Zot: 10617

Altars:
Sif Muna


Innate Abilities, Weirdness & Mutations

A weak demonic guardian rushes to your aid.


Message History

Jessica shouts!
Jessica shoots a sling bullet.
The sling bullet hits you.
Casting: Searing Ray (safe; 3% risk of failure)
Confirm with . or Enter, or press ? or * to list all spells.
Aiming: Searing Ray (safe; 3% risk of failure)
Press: ? - help, Shift-Dir - straight line, f - Jessica
Aim: Jessica, wielding a +0 sling and wearing a +0 robe (78% to hit)
Okay, then.
Unknown command.
Unknown command.
Unknown command.
Jessica shoots a sling bullet.
The sling bullet barely misses you.
Jessica shoots a sling bullet.
The sling bullet closely misses you.
Jessica shoots a sling bullet.
The sling bullet hits you.
You start resting.
Jessica is nearby!
Casting: Searing Ray (safe; 3% risk of failure)
Confirm with . or Enter, or press ? or * to list all spells.
Aiming: Searing Ray (safe; 3% risk of failure)
Press: ? - help, Shift-Dir - straight line, f - Jessica
Aim: Jessica, wielding a +0 sling and wearing a +0 robe (78% to hit)
The searing ray hits Jessica.
Jessica is severely wounded. (Press . to maintain the ray.) Jessica shoots a sling bullet.
The sling bullet hits you.
The searing ray misses Jessica.
Jessica shoots a sling bullet.
The sling bullet misses you.
The searing ray hits Jessica!
You kill Jessica!
Sif Muna accepts your kill.
You have reached level 4!
You feel clever.
Unknown command.
Items here: )) [ †.
Okay, then.
You start resting.
HP restored.
You start resting.
Magic restored.
Are you sure you want to abandon this character and quit the game? (Confirm with "yes".)

.#.....#<.#####.#.#######.#
....'.#>....†<.........(......
....#.#.###..#.###.#..........
... #.#.# #........###########
## #...###÷##.##### #.
...#....#.# #.
.#######.#.#..#.# #.
w.............#.#### ##.
#####.......@....# #..
#............# #.[
#............# #..
#............# ####..
#####.........#### #.....
........####### #.##..
............... #.####
............... #.#
.......?...@... #.# #


There were no monsters in sight!

Vanquished Creatures
  Jessica (D:2)
  2 adders (D:2)
  A worm (D:2)
  A dart slug (D:1)
  An orc (D:2)
  3 endoplasms
  A giant cockroach (D:2)
  4 goblins
  3 hobgoblins (D:2)
  2 quokkas
  2 ball pythons (D:1)
  A bat (D:1)
  2 frilled lizards (D:1)
  2 rats
26 creatures vanquished.

Notes
Turn   | Place    | Note
-------+----------+-------------------------------------------
     0 | D:1      | CrazyMind the Demonspawn Conjurer began the quest for the
                  | Orb.
     0 | D:1      | Reached XP level 1. HP: 13/13 MP: 3/3
   176 | D:1      | Found a faded altar of an unknown god.
   301 | D:1      | Gained mutation: A weak demonic guardian rushes to your
                  | aid. [demonic ancestry]
   301 | D:1      | Reached XP level 2. HP: 19/19 MP: 3/5
   304 | D:1      | Learned a level 2 spell: Searing Ray
   612 | D:2      | Found a shimmering blue altar of Sif Muna.
   624 | D:2      | Became a worshipper of Sif Muna the Loreminder
   850 | D:2      | Reached XP level 3. HP: 24/24 MP: 3/6
   855 | D:2      | Learned a level 3 spell: Dazzling Flash
  1316 | D:2      | Noticed Jessica
  1332 | D:2      | Killed Jessica
  1333 | D:2      | Reached XP level 4. HP: 23/30 MP: 2/7
  1380 | D:2      | Quit the game

Illustrated notes

Levels and vault maps discovered:
D:1:      lightli_arrival_flooded_house, layout_basic,
          shapermc_ecumenical_altar_starsandcircs
D:2:      layout_basic, basic_altar, chequers_serial_rivers_micro_a,
          nrook_mini_vaults, minmay_rat_gold_closets, uniq_jessica

Skill      XL: |  1  2  3 |
---------------+----------+-----
Stealth        | 2 |  2.5
Dodging        | 2 |  2.0
Short Blades   | |  0.1
Spellcasting   | |  2.3
Conjurations   | |  4.9

Action                     |  1- 3 |  4- 6 || total
---------------------------+-------+-------++-------
  Melee: Unarmed           |     4 |       ||     4
         Dagger            |    22 |       ||    22
   Cast: Magic Dart        |    19 |       ||    19
         Searing Ray       |     9 |       ||     9
   Stab: Sleeping          |     5 |       ||     5
 Armour: Robe              |     8 |       ||     8
  Dodge: Dodged            |    25 |       ||    25
